 Dungeon Crawl Stone Soup version 0.31-a0-486-g8d68a81214 (webtiles) character file.

Game seed: 10853854715382474485

2 AstroCodex24 the Shield-Bearer (level 1, 0/17 HPs)
             Began as a Vampire Fighter on Aug 7, 2023.
             Slain by Terence
             ... wielding a +0 trident
              (1 damage)
             ... on level 3 of the Dungeon.
             The game lasted 00:00:23 (80 turns).

AstroCodex24 the Shield-Bearer (Vampire Fighter)      Turns: 80, Time: 00:00:23

Health: 0/17       AC:  6    Str: 15    XL:     1   Next: 33%
Magic:  1/1        EV:  8    Int: 10    God:
Gold:   9          SH:  4    Dex: 13    Spells: 0/0 levels left

rFire   . . .        a - +0 war axe
rCold   . . .        c - +0 buckler
rNeg    . . .        b - +0 scale mail
rPois   .            (no helmet)
rElec   .            (no cloak)
rCorr   .            (no gloves)
SInv    +            (no boots)
Will    .....        (no amulet) Stlth
                     (no ring)
HPRegen 0.42/turn    (no ring)
MPRegen 0.07/turn

%: no passive effects
@: healing quickly
A: alive, fangs 3, see invisible, vampiric 1
a: Exsanguinate


You were on level 3 of the Dungeon.
You visited 1 branch of the dungeon, and saw 3 of its levels.

You collected 9 gold pieces.

Inventory:

Hand Weapons
 a - a +0 war axe (weapon)
Armour
 b - a +0 scale mail (worn)
 c - a +0 buckler (worn)
Potions
 d - a potion of might


   Skills:
 + Level 2.7 Fighting
 + Level 1.8 Axes
 + Level 2.4 Armour
 + Level 2.7 Shields


You couldn't memorise any spells.
You didn't know any spells.
Your spell library was empty.

Dungeon Overview and Level Annotations

Branches:
Dungeon (3/15)

Altars:

Annotations:
D:3 Terence


Innate Abilities, Weirdness & Mutations

Your natural rate of healing is accelerated.
You have razor-sharp teeth.
You have supernaturally acute eyesight. (SInv)
You are afflicted with vampirism.


Message History

You hit the giant cockroach.
You kill the giant cockroach!
There is a stone staircase leading down here.
You climb downwards.
Terence shouts!
Found 3 red potions.
Found a stone staircase leading up.
There is a stone staircase leading up here.
Terence completely misses you.
You hit Terence. Your bite misses Terence.
Terence is moderately wounded.
Terence hits you with a +0 trident.
You slash Terence!
Terence is severely wounded.
Terence hits you but does no damage.
You barely miss Terence.
Terence is severely wounded.
Terence shouts, "Get ready for death!"
Terence barely misses you. You block Terence's attack.
You barely miss Terence.
Terence is severely wounded.
You block Terence's attack.
You closely miss Terence.
Terence is severely wounded.
You block Terence's attack. Terence hits you with a +0 trident!
You hit Terence.
Terence is almost dead.
Terence hits you with a +0 trident.
* * * LOW HITPOINT WARNING * * *
You closely miss Terence.
Terence is almost dead.
Terence barely misses you. Terence hits you with a +0 trident.
* * * LOW HITPOINT WARNING * * *
You closely miss Terence. You bite Terence, but do no damage.
Terence is almost dead.
Terence hits you with a +0 trident.
* * * LOW HITPOINT WARNING * * *
You barely miss Terence.
Terence is almost dead.
Terence closely misses you. Terence hits you with a +0 trident.
You die...

### ..# #.# #.#
# ##.## .# ...
..#
#.####@###..#
#....<@.....##
######........
#######..##.###
.!.....<.# ..
########.# # .#
.# .# .#


You could see Terence.

Vanquished Creatures
  A bat (D:2)
  A giant cockroach (D:2)
2 creatures vanquished.

Notes
Turn   | Place    | Note
-------+----------+-------------------------------------------
     0 | D:1      | AstroCodex24 the Vampire Fighter began the quest for the
                  | Orb.
     0 | D:1      | Reached XP level 1. HP: 17/17 MP: 1/1
    68 | D:3      | Noticed Terence
    80 | D:3      | Slain by Terence

Illustrated notes

Levels and vault maps discovered:
D:1:      spicycebolla_green_bress_n_ham, layout_basic,
          chequers_serial_rivers_small_a, dreamdust_mushroom_princess
D:2:      layout_rooms, basic_altar
D:3:      layout_loops_ring, uniq_terence

Action                     || total
---------------------------++-------
  Melee: War axe           ||    11
         Bite              ||     1
 Armour: Scale mail        ||     2
  Dodge: Dodged            ||     4
  Block: Buckler           ||     3

Table legend: (Time is in decaauts)
 A = Elapsed time spent in this place.
 B = Non-inter-level travel time spent in this place.
 C = Inter-level travel time spent in this place.
 D = Time resting spent in this place.
 E = Time spent auto-exploring this place.
 F = Levels seen in this place.
 G = Mean time per level.
                   A        B        C        D        E       F      G
               +--------+--------+--------+--------+--------+-----+--------+
         Total |     84 |     77 |      7 |      0 |      0 |   3 |   28.0 |
       Dungeon |     84 |     77 |      7 |      0 |      0 |   3 |   28.0 |
               +--------+--------+--------+--------+--------+-----+--------+

Top non-repeatable levels by time:
     D:1: 47 daAuts
     D:2: 21 daAuts
     D:3: 15 daAuts
